 Dungeon Crawl Stone Soup version 0.22.0-16-gc6d26f6 (webtiles) character file.

452 shmeve the Cudgeler (level 6, -1/62 HPs)
             Began as a Troll Berserker on Aug 17, 2018.
             Was a Priest of Trog.
             Slain by a gnoll shaman
             ... wielding a +0 club
              (8 damage)
             ... on level 4 of the Dungeon.
             The game lasted 00:06:17 (3155 turns).

shmeve the Cudgeler (Troll Berserker)               Turns: 3155, Time: 00:06:17

Health: -1/62      AC:  7    Str: 28    XL:     6   Next: 75%
Magic:  5/5        EV: 12    Int:  3    God:    Trog [***...]
Gold:   198        SH:  0    Dex:  9    Spells: 5/5 levels left

rFire    . . .     SeeInvis .   a - +0 mace
rCold    . . .     Gourm    +   (no shield)
rNeg     . . .     Faith    .   p - +2 robe {MR+}
rPois    +         Spirit   .   (helmet restricted)
rElec    .         Reflect  .   (no cloak)
rCorr    .         Harm     .   (gloves unavailable)
MR       +++..                  (boots unavailable)
Stlth    +.........             (no amulet)
HPRegen  1.60/turn              h - +1 ring of evasion
MPRegen  0.09/turn              t - ring of poison resistance

@: berserk cooldown, regenerating, slowed, very slow
A: large, unfitting armour, claws 3, fast metabolism 3, gourmand, regeneration
1, shaggy fur 1, tough skin 2
a: Berserk, Trog's Hand, Renounce Religion


You were on level 4 of the Dungeon.
You worshipped Trog.
Trog was most pleased with you.
You were not hungry.

You visited 1 branch of the dungeon, and saw 4 of its levels.

You collected 198 gold pieces.

Inventory:

Hand Weapons
 a - a +0 mace (weapon)
Missiles
 g - 8 tomahawks (quivered)
Armour
 p - a +2 robe of magic resistance (worn)
Jewellery
 h - a +1 ring of evasion (left claw)
 t - a ring of poison resistance (right claw)
Wands
 o - a wand of digging (12)
Scrolls
 e - a scroll of enchant weapon {unknown}
 f - 2 scrolls of amnesia
 j - a scroll of noise
 l - a scroll of immolation {unknown}
 n - 2 scrolls of identify
 r - a scroll of remove curse
 s - a scroll of fear {unknown}
Potions
 b - 2 potions of cancellation {unknown}
 d - 3 potions of mutation {unknown}
 i - a potion of might {unknown}
 m - a potion of brilliance {unknown}
 q - a potion of agility {unknown}
Comestibles
 c - 9 rations
 k - 3 chunks of flesh


   Skills:
 * Level 3.8 Fighting
 * Level 4.1 Maces & Flails
 * Level 2.9 Throwing
 * Level 3.8 Dodging


You had 5 spell levels left.
You didn't know any spells.
Your spell library was empty.

Dungeon Overview and Level Annotations

Branches:
Dungeon (4/15)
 Temple: D:4-7

Altars:
Sif Muna


Innate Abilities, Weirdness & Mutations

You are too large for most types of armour.
You have claws for hands.
Your metabolism is lightning-fast.
You like to eat raw meat.
Your natural rate of healing is unusually fast.
You are covered in fur. (AC +1)
You have very tough skin. (AC +2)


Message History

The gnoll hits you but does no damage. The gnoll hits you.
* * * LOW HITPOINT WARNING * * *
The gnoll shaman calls upon its god to heal the gnoll.
The gnoll's wounds heal themselves!
Your skin crawls.
You feel resistant to hostile enchantments.
You feel somewhat more hungry. The gnoll hits you!
* * * LOW HITPOINT WARNING * * *
The gnoll closely misses you. The gnoll hits you.
* * * LOW HITPOINT WARNING * * *
The gnoll closely misses you.
You hit the gnoll.
The gnoll is moderately wounded.
The gnoll shaman calls upon its god to speed up the gnoll.
The gnoll seems to speed up.
The gnoll hits you.
* * * LOW HITPOINT WARNING * * *
The gnoll hits you.
* * * LOW HITPOINT WARNING * * *
The gnoll shaman hits you with a club!
You die...

##.####.##.# .# #.#.#.#.#.))
.......)##.##.###.#.........
..................###.#.....
##........#.#.........######
..........(.................
≈≈≈≈≈≈≈≈≈≈....≈≈≈≈≈≈≈≈≈≈≈≈≈≈
≈≈≈≈≈≈≈≈≈≈....≈≈≈≈≈≈≈≈≈≈≈≈≈≈
≈≈≈≈≈≈≈≈≈≈..g.≈≈≈≈≈≈≈≈≈≈≈≈##
...........@g.............#
##########'g''#############
..#....#.. ....'....'....
.....#....#....?
################


You could see a gnoll shaman and 2 gnolls.

Vanquished Creatures
  A big kobold (D:4)
  A scorpion (D:4)
  A crimson imp (D:3)
  A bullfrog skeleton (D:4)
  2 orc wizards (D:3)
  Jessica (D:2)
  An iguana (D:4)
  7 gnolls (D:4)
  An adder (D:4)
  A worm (D:4)
  A dart slug (D:2)
  A leopard gecko (D:2)
  7 orcs (D:3)
  2 giant cockroaches
  8 goblins
  4 hobgoblins
  10 jackals
  11 kobolds
  2 quokkas
  5 bats
  4 frilled lizards
  6 rats
78 creatures vanquished.

Notes
Turn   | Place    | Note
-------+----------+-------------------------------------------
     0 | D:1      | shmeve the Troll Berserker began the quest for the Orb.
     0 | D:1      | Reached XP level 1. HP: 22/22 MP: 0/0
   273 | D:1      | Reached XP level 2. HP: 29/29 MP: 1/1
   463 | D:1      | Reached skill level 3 in Maces & Flails
   463 | D:1      | Reached skill level 1 in Throwing
   869 | D:1      | Reached XP level 3. HP: 36/36 MP: 2/2
   945 | D:2      | Reached ** piety under Trog
  1041 | D:2      | Noticed Jessica
  1059 | D:2      | Killed Jessica
  1177 | D:2      | Reached XP level 4. HP: 44/44 MP: 3/3
  1570 | D:2      | Found a deep blue altar of Sif Muna.
  2064 | D:3      | Reached XP level 5. HP: 34/53 MP: 4/4
  3001 | D:4      | Reached XP level 6. HP: 57/61 MP: 5/5
  3017 | D:4      | Reached skill level 4 in Maces & Flails
  3110 | D:4      | Reached *** piety under Trog
  3155 | D:4      | Slain by a gnoll shaman

Skill      XL: |  1  2  3  4  5  6 |
---------------+-------------------+-----
Maces & Flails | 3 4 |  4.1
Throwing       | 1 2 |  2.9
Fighting       | 3 |  3.8
Dodging        | 3 |  3.8

Action                   |  1- 3 |  4- 6 || total
-------------------------+-------+-------++-------
Melee: Mace              |   105 |   206 ||   311
Throw: Tomahawk          |     2 |     5 ||     7
Invok: Berserk           |     1 |     3 ||     4
       Trog's Hand       |     1 |     1 ||     2
  Use: Scroll            |       |     4 ||     4
  Eat: Chunk             |    18 |    15 ||    33
Armor: Animal skin       |    44 |       ||    44
       Robe              |     4 |    96 ||   100
Dodge: Dodged            |    65 |   174 ||   239
